 Dungeon Crawl Stone Soup version 0.23.1 (webtiles) character file.

Game seed: 1067829941947750765

110 Kairos the Skirmisher (level 5, -2/42 HPs)
             Began as a Formicid Abyssal Knight on Mar 4, 2019.
             Was a Believer of Lugonu.
             Slain by Grinder (3 damage)
             ... on level 3 of the Dungeon.
             The game lasted 00:04:39 (2345 turns).

Kairos the Skirmisher (Formicid Abyssal Knight)     Turns: 2345, Time: 00:04:39

Health: -2/42      AC: 11    Str: 18    XL:     5   Next: 14%
Magic:  15/15      EV:  5    Int: 11    God:    Lugonu [**....]
Gold:   175        SH:  0    Dex: 10    Spells: 4/4 levels left

rFire    . . .     SeeInvis +   a - +1 hand axe
rCold    . . .     Gourm    .   (no shield)
rNeg     . . .     Faith    .   m - +0 plate armour
rPois    .         Spirit   .   (helmet unavailable)
rElec    .         Reflect  .   (no cloak)
rCorr    .         Harm     .   (no gloves)
MR       .....                  (no boots)
Stlth    ..........             (no amulet)
HPRegen  0.14/turn              q - ring of magical power
MPRegen  0.14/turn              (no ring)

@: no status effects
A: permanent stasis, dig shafts and tunnels, four strong arms, antennae 3
a: Dig, Shaft Self, Depart the Abyss, Bend Space, Renounce Religion


You were on level 3 of the Dungeon.
You worshipped Lugonu.
Lugonu was pleased with you.
You were hungry.

You visited 1 branch of the dungeon, and saw 3 of its levels.
You visited the Abyss 1 time.

You collected 175 gold pieces.

Inventory:

Hand Weapons
 a - a +1 hand axe (weapon)
Armour
 b - a +0 leather armour
 m - a +0 plate armour (worn)
Jewellery
 q - a ring of magical power (left hand)
Wands
 k - a wand of paralysis (6)
Scrolls
 g - 2 scrolls of fog
 i - a scroll of enchant weapon
 n - a scroll of random uselessness
Potions
 d - a potion of agility
 e - a potion of haste
 f - 2 potions of degeneration
 h - a potion of magic
 o - a potion of cancellation
Comestibles
 c - 5 rations


   Skills:
 + Level 4.2 Fighting
 + Level 3.6 Axes
 + Level 2.7 Armour
 + Level 1.1 Dodging
 + Level 0.4 Stealth
 + Level 2.4 Invocations


You had 4 spell levels left.
You didn't know any spells.
Your spell library contained the following spells:

 Spells                   Type           Power        Failure   Level  Hunger
 Confusing Touch          Hex            #.....       100%        1    ##.....
 Confuse                  Hex            #.......     100%        3    ####...
 Gell's Gravitas          Tloc           #.........   100%        3    ####...
 Petrify                  Tmut/Erth      #.......     100%        4    #####..
 Metabolic Englaciation   Hex/Ice        #.........   100%        5    ######.
 Yara's Violent Unravell  Hex/Tmut       #.........   100%        5    ######.


Dungeon Overview and Level Annotations

Branches:
Dungeon (3/15)

Altars:
Cheibriados
Okawaru
Ru

Annotations:
D:3 Grinder


Innate Abilities, Weirdness & Mutations

You cannot be hasted, slowed, berserked, paralysed or teleported.
You can dig through walls and to a lower floor.
Your four strong arms can wield two-handed weapons with a shield.
You have a pair of large antennae on your head. (SInv)


Message History

Grinder hits you but does no damage.
You hit Grinder but do no damage.
Grinder is lightly wounded.
Grinder hits you.
* * * LOW HITPOINT WARNING * * *
You writhe in agony.
* * * LOW HITPOINT WARNING * * *
You closely miss Grinder.
Grinder is lightly wounded.
Grinder hits you but does no damage.
You hit Grinder but do no damage.
Grinder is lightly wounded.
Grinder hits you.
* * * LOW HITPOINT WARNING * * *
You writhe in agony.
* * * LOW HITPOINT WARNING * * *
Grinder hits you.
* * * LOW HITPOINT WARNING * * *
You writhe in agony.
You die...

.# ... .#### ... ...
....######.# ###... #####
....#.. .... ..#..# .. .
....#.####.####.#..# .#.# #
....#.#.......#.#..###.#.#.##
....#.#.##.##.#.#............
....#.#.#...#.#.#..........##
......†..._.....@(...(.......
#####.#.#...#.#)#5...........
#.#.##.##.#.#...(.......#
#.#.......#.#..(........#
#.####.####.#..)).......# #..
... ..#...........# ### .#
###...........# .............
..............


You could see Grinder.

Vanquished Creatures
  2 gnolls (D:2)
  2 adders
  An ooze (D:2)
  A worm (D:2)
  5 dart slugs
  A leopard gecko (D:1)
  3 bats
  4 giant cockroaches
  9 goblins
  5 hobgoblins
  A quokka (D:2)
  3 ball pythons
  5 frilled lizards
  11 kobolds
  6 rats (D:1)
59 creatures vanquished.

Notes
Turn   | Place    | Note
-------+----------+-------------------------------------------
     0 | Abyss:1  | Kairos the Formicid Abyssal Knight began the quest for the
                  | Orb.
     0 | Abyss:1  | Reached XP level 1. HP: 18/18 MP: 2/2
   236 | Abyss:1  | Noticed a shadow wraith
   288 | Abyss:2  | Found a corrupted altar of Lugonu.
   315 | Abyss:2  | Noticed an orange demon
   331 | Abyss:2  | Noticed a starcursed mass
   332 | D:1      | Escaped the Abyss
   347 | D:1      | Reached skill level 1 in Dodging
   347 | D:1      | Reached XP level 2. HP: 17/24 MP: 3/3
   350 | D:1      | Reached * piety under Lugonu
   656 | D:1      | Reached XP level 3. HP: 12/30 MP: 4/4
  1678 | D:2      | Reached XP level 4. HP: 36/37 MP: 5/5
  1778 | D:2      | Reached ** piety under Lugonu
  1847 | D:2      | Found a snail-covered altar of Cheibriados.
  2219 | D:2      | Reached skill level 4 in Fighting
  2242 | D:2      | Found an iron altar of Okawaru.
  2290 | D:3      | Found a sacrificial altar of Ru.
  2295 | D:3      | Reached XP level 5. HP: 34/42 MP: 6/6
  2315 | D:3      | Noticed Grinder
  2345 | D:3      | HP: 1/42 [Grinder (5)]
  2345 | D:3      | Slain by Grinder

Skill      XL: |  1  2  3  4 |
---------------+-------------+-----
Dodging        | 1 |  1.1
Axes           | 3 |  3.6
Fighting       | 4 |  4.2
Armour         | |  2.7
Stealth        | |  0.4
Invocations    | |  2.4

Action                   |  1- 3 |  4- 6 || total
-------------------------+-------+-------++-------
Melee: Hand axe          |   127 |    80 ||   207
Invok: Depart the Abyss  |     1 |       ||     1
Evoke: Wand              |       |     1 ||     1
  Use: Scroll            |     5 |     5 ||    10
       Potion            |     1 |     2 ||     3
  Eat: Chunk             |     3 |     1 ||     4
Armor: Leather armour    |    23 |       ||    23
       Plate armour      |    27 |    79 ||   106
Dodge: Dodged            |    80 |    27 ||   107
